 Dungeon Crawl Stone Soup version 0.25.1-8-g42b30a86e7 (webtiles) character file.

Game seed: 1837099706125337546

113 hawla the Magician (level 4, -4/33 HPs)
             Began as a Draconian Conjurer on Dec 11, 2020.
             Killed by divine providence
             ... invoked by an orc priest
              (11 damage)
             ... on level 3 of the Dungeon.
             The game lasted 00:05:19 (2340 turns).

hawla the Magician (Draconian Conjurer)             Turns: 2340, Time: 00:05:29

Health: -4/33      AC:  7    Str: 11    XL:     4   Next: 65%
Magic:  2/10       EV: 12    Int: 16    God:
Gold:   105        SH:  0    Dex: 11    Spells: 9/12 levels left

rFire    . . .     SeeInvis .   j - +1 quarterstaff
rCold    . . .     Gourm    .   (shield currently unavailable)
rNeg     . . .     Faith    .   (armour unavailable)
rPois    .         Spirit   .   (helmet restricted)
rElec    .         Reflect  .   (no cloak)
rCorr    .         Harm     .   (no gloves)
MR       .....                  a - +1 pair of boots
Stlth    ++........             (no amulet)
HPRegen  0.11/turn              (no ring)
MPRegen  0.12/turn              (no ring)

@: about to teleport, very slightly contaminated
A: unfitting armour, cold-blooded, AC +5
a: no special abilities


You were on level 3 of the Dungeon.
You were not hungry.

You visited 1 branch of the dungeon, and saw 3 of its levels.

You collected 105 gold pieces.

Inventory:

Hand Weapons
 j - a +1 quarterstaff (weapon)
Missiles
 h - 8 boomerangs (quivered)
Armour
 a - a +1 pair of boots (worn)
Potions
 d - a potion of lignification
 g - a potion of curing {unknown}
 m - a potion of brilliance {unknown}
Comestibles
 b - 7 rations
 c - 7 chunks of flesh


   Skills:
 - Level 1.7 Dodging
 - Level 1.7 Stealth
 + Level 4.6 Spellcasting
 - Level 4.0 Conjurations


You had 9 spell levels left.
You knew the following spells:

 Your Spells              Type           Power        Failure   Level  Hunger
a - Magic Dart            Conj           ###.         3%          1    None
b - Searing Ray           Conj           ###...       4%          2    ##.....

Your spell library contained the following spells:

 Spells                   Type           Power        Failure   Level  Hunger
 Dazzling Flash           Conj/Hex       ##....       22%         3    ###....
 Fulminant Prism          Conj/Hex       ##........   56%         4    ####...
 Iskenderun's Mystic Bla  Conj/Tloc      ##......     56%         4    ####...


Dungeon Overview and Level Annotations

Branches:
Dungeon (3/15)

Altars:
Elyvilon
Okawaru


Innate Abilities, Weirdness & Mutations

Your plain brown scales are hard. (AC +5)
You cannot fit into any form of body armour.
You are cold-blooded and may be slowed by cold attacks.


Message History

d - a potion of lignification
As you read the scroll labeled KUCHANE TUNU, it crumbles to dust.
It is a scroll of enchant weapon.
Your +0 quarterstaff glows red for a moment.
As you read the scroll labeled MUSTYLY DAGEN, it crumbles to dust.
It is a scroll of enchant armour.
Your +0 pair of boots glows green for a moment.
The orc hits you but does no damage.
As you read the scroll labeled JANORA RYOQ, it crumbles to dust.
It is a scroll of amnesia.
Really abort (and waste the scroll)?
Okay, then.
The orc hits you but does no damage. The orc closely misses you.
As you read the scroll labeled OXORIKL JUMO, it crumbles to dust.
You feel strangely unstable.
It was a scroll of teleportation.
The orc barely misses you. The orc hits you.
* * * LOW HITPOINT WARNING * * *
The orc priest mumbles some strange prayers to Beogh against you.
Beogh smites you!
You die...

#.....).#o#
..... #.#
#.####.####o#
#....)o.)g..#
#####)b######
####.o####
#........#
#...oog..#
#....@...#
##########


You could see an orc priest, a gnoll, 3 orcs and a bat.

Vanquished Creatures
  3 gnolls (D:3)
  3 adders
  2 leopard geckos (D:1)
  2 orcs (D:3)
  3 giant cockroaches
  6 goblins
  6 hobgoblins
  4 jackals (D:1)
  3 kobolds (D:2)
  A ball python (D:3)
  7 bats
  3 frilled lizards
  A quokka zombie (D:2)
  11 rats
55 creatures vanquished.

Notes
Turn   | Place    | Note
-------+----------+-------------------------------------------
     0 | D:1      | hawla the Draconian Conjurer began the quest for the Orb.
     0 | D:1      | Reached XP level 1. HP: 14/14 MP: 3/3
    64 | D:1      | Reached XP level 2. HP: 17/20 MP: 0/5
   788 | D:1      | Reached XP level 3. HP: 25/26 MP: 1/7
   796 | D:1      | Learned a level 2 spell: Searing Ray
  1059 | D:2      | Found a white marble altar of Elyvilon.
  1986 | D:2      | Reached XP level 4. HP: 33/33 MP: 7/10
  2309 | D:3      | Found an iron altar of Okawaru.
  2340 | D:3      | Killed from afar by an orc priest

Illustrated notes

Levels and vault maps discovered:
D:1:      scummos_arrival_simple_fountains, layout_rooms, minmay_hexomino_p4
D:2:      minmay_wonky_spiral, layout_loops_ring, elyvilon_altar_3
D:3:      layout_rooms, old_standard_altar, kiku_gazebo_pond_becter,
          first_ration

Skill      XL: |  1  2  3 |
---------------+----------+-----
Spellcasting   | 3 4 |  4.6
Dodging        | |  1.7
Stealth        | |  1.7
Conjurations   | |  4.0

Action                   |  1- 3 |  4- 6 || total
-------------------------+-------+-------++-------
Melee: Unarmed           |    56 |       ||    56
       Tailslap          |     2 |       ||     2
 Cast: Magic Dart        |    59 |    13 ||    72
       Searing Ray       |    11 |     6 ||    17
  Use: Scroll            |       |     6 ||     6
  Eat: Chunk             |     3 |     2 ||     5
Armor: Skin              |    24 |     2 ||    26
Dodge: Dodged            |    37 |     7 ||    44
